 Dungeon Crawl Stone Soup version 0.30.0-5-g1a98f26d00 (webtiles) character file.

Game seed: 5367855465511360885

69314 retardedninja the Severer (level 14, -6/117 HPs)
             Began as a Minotaur Fighter on May 8, 2023.
             Was the Champion of Hepliaklqana.
             Killed from afar by a tengu reaver (34 damage)
             ... with a bolt of lightning
             ... on level 11 of the Dungeon.
             The game lasted 00:27:16 (21296 turns).

retardedninja the Severer (Minotaur Fighter)       Turns: 21296, Time: 00:27:16

Health: -6/117     AC: 27    Str: 25    XL:     14   Next: 89%
Magic:  13/13      EV:  7    Int:  5    God:    Hepliaklqana [******]
Gold:   1827       SH: 19    Dex: 17    Spells: 13/13 levels left

rFire   . . .        s - +9 war axe (elec)
rCold   . . .        H - +0 tower shield
rNeg    + . .        B - +6 plate armour {rN+}
rPois   .            G - +1 hat {Stlth+}
rElec   .            I - +1 cloak {rCorr}
rCorr   +            (no gloves)
SInv    .            F - +0 pair of boots
Will    +....        (no amulet) Stlth
                     f - +6 ring of dexterity
HPRegen 0.39/turn    (no ring)
MPRegen 0.13/turn

%: no passive effects
@: studying Unarmed Combat, invisible
A: reduced essence, horns 2, retaliatory headbutt
a: Renounce Religion, Recall Ancestor, Ancestor Identity, Transference, Idealise


You were on level 11 of the Dungeon.
You worshipped Hepliaklqana.
Hepliaklqana was exalted by your worship.
You visited 4 branches of the dungeon, and saw 19 of its levels.
You also visited: Gauntlet.

You collected 1989 gold pieces.
You spent 162 gold pieces at shops.

Inventory:

Hand Weapons
 s - a +9 war axe of electrocution (weapon)
Missiles
 c - 5 throwing nets (quivered)
 u - 2 javelins
 A - 11 silver javelins
Armour
 B - a +6 plate armour of positive energy (worn)
 F - a +0 pair of boots (worn)
 G - a +1 hat of stealth (worn)
 H - a +0 tower shield (worn)
 I - a +1 cloak of preservation (worn)
Jewellery
 f - a +6 ring of dexterity (left hand)
 g - a ring of fire
Wands
 l - a wand of roots (30)
 w - a wand of paralysis (10)
 y - a wand of flame (32)
 D - a wand of mindburst (13)
 M - a wand of light (8)
Scrolls
 b - a scroll of amnesia
 d - a scroll of fog
 e - a scroll of butterflies
 h - 12 scrolls of teleportation
 i - 3 scrolls of blinking
 k - a scroll of poison
 m - a scroll of silence
 r - a scroll of vulnerability
 t - a scroll of fear
 v - a scroll of enchant weapon
Potions
 a - a potion of attraction
 j - a potion of heal wounds
 n - 2 potions of resistance
 p - 6 potions of curing
 q - 3 potions of lignification
 x - a potion of berserk rage
 z - 6 potions of flight
 C - 4 potions of magic
 E - 2 potions of ambrosia
 L - a potion of brilliance
Miscellaneous
 o - a box of beasts (inert)
 K - a phial of floods (inert)


   Skills:
 + Level 13.6 Fighting
 * Level 20.7 Axes
 + Level 0.7 Throwing
 + Level 13.7 Armour
 + Level 2.6 Dodging
 + Level 3.1 Stealth
 + Level 14.4 Shields
 + Level 1.5 Evocations


You had 13 spell levels left.
You didn't know any spells.
Your spell library contained the following spells:

 Spells                   Type           Power      Damage    Failure   Level
 Sandblast                Erth           0%         2d4       100%        1
 Slow                     Hex            0%         N/A       100%        1
 Summon Small Mammal      Summ           0%         N/A       100%        1
 Blink                    Tloc           0%         N/A       100%        2
 Passwall                 Tmut/Erth      0%         N/A       100%        2
 Sublimation of Blood     Necr           0%         N/A       100%        2
 Call Canine Familiar     Summ           0%         N/A       100%        3
 Confusing Touch          Hex            0%         N/A       100%        3
 Dazzling Flash           Conj/Hex       0%         N/A       100%        3
 Gell's Gravitas          Tloc           0%         N/A       100%        3
 Spider Form              Tmut/Pois      0%         N/A       100%        3
 Stone Arrow              Conj/Erth      0%         3d7       100%        3
 Summon Guardian Golem    Hex/Summ       0%         N/A       100%        3
 Teleport Other           Tloc           0%         N/A       100%        3
 Vampiric Draining        Necr           0%         2d6       100%        3
 Volatile Blastmotes      Fire/Tloc      0%         2d10      100%        3
 Ice Form                 Ice/Tmut       0%         N/A       100%        4
 Iskenderun's Mystic Bla  Conj/Tloc      0%         2d3       100%        4
 Manifold Assault         Tloc           0%         N/A       100%        4
 Petrify                  Tmut/Erth      0%         N/A       100%        4
 Summon Ice Beast         Ice/Summ       0%         N/A       100%        4
 Alistair's Intoxication  Tmut/Pois      0%         N/A       100%        5
 Borgnjor's Vile Clutch   Necr/Erth      0%         N/A       100%        5
 Irradiate                Conj/Tmut      0%         3d11      100%        5
 Summon Mana Viper        Hex/Summ       0%         N/A       100%        5
 Dispersal                Tloc           0%         N/A       100%        6
 Eringya's Noxious Bog    Tmut/Pois      0%         N/A       100%        6
 Starburst                Conj/Fire      0%         6d3       100%        6
 Monstrous Menagerie      Summ           0%         N/A       100%        7
 Storm Form               Tmut/Air       0%         N/A       100%        7
 Disjunction              Tloc           0%         N/A       100%        8


Dungeon Overview and Level Annotations

Branches:
Dungeon (12/15)            Temple (1/1) D:4            Lair (5/5) D:10
 Shoals (0/4) Lair:2       Spider (0/4) Lair:3        Slime (0/5) Lair:5
    Orc (1/2) D:9         Gauntlet (visited)

Altars:
Ashenzari
Cheibriados
Dithmenos
Elyvilon
Fedhas
Gozag
Hepliaklqana
Kikubaaqudgha
Makhleb
Nemelex Xobeh
Okawaru
Qazlal
Ru
Sif Muna
Trog
Uskayaw
Vehumet
Wu Jian
Xom
Yredelemnul
Zin
The Shining One
Jiyva

Shops:
D:5 ?   D:7 [   D:11 [

Annotations:
D:7 1 runed translucent door, Crazy Yiuf
D:8 1 runed translucent door, tizbic2's ghost, novice OgTm
D:10 3 runed translucent doors, Demosthentine's ghost, journeyman DsGl
D:11 6 transporters
Lair:4 2 transporters, Wairalebb's ghost, journeyman BaFi
Lair:5 exclusion: 2 oklob plants


Innate Abilities, Weirdness & Mutations

Your life essence is reduced to manifest your ancestor. (-10% HP)
You have a pair of horns on your head.
You reflexively headbutt those who attack you in melee.


Message History

The yaktaur captain is moderately wounded.
You slash the stone giant!
Lightning courses through the stone giant!!
You kill the stone giant!
You hit the tengu reaver.
Lightning courses through the tengu reaver!
The tengu reaver casts a spell at you. The bolt of poison hits you!!
You are poisoned.
* * * LOW HITPOINT WARNING * * *
Your life force feels restored.
You feel better.
The tengu reaver hits you with a +0 dire flail!
* * * LOW HITPOINT WARNING * * *
The tengu reaver pecks you!
* * * LOW HITPOINT WARNING * * *
The tengu reaver claws you but does no damage.
Aim the phial where?
Press: ? - help, Q - select action, (/) - cycle Shift-Dir - straight line, f - tengu reaver
Aim: a tengu reaver, wielding a +0 dire flail and wearing a +0 ring mail (moderately wounded)
The torrent of water hits the tengu reaver!
The tengu reaver is heavily wounded.
The tengu reaver is engulfed in water.
The wave splashes down.
The yaktaur captain is engulfed in water.
You block the tengu reaver's attack. The tengu reaver pecks you!
* * * LOW HITPOINT WARNING * * *
The tengu reaver barely misses you.
The yaktaur captain wields a +0 arbalest.
The yaktaur captain shoots a bolt.
The bolt hits the tengu reaver!!
You feel much better. You block the tengu reaver's attack.
The tengu reaver pecks you but does no damage.
The tengu reaver claws you but does no damage.
Blink to where?
Press: ? - help, Q - select action, (/) - cycle Dir - move target, p - tengu reaver
As you read the scroll of blinking, it crumbles to dust.
The tengu reaver is no longer waterlogged.
You are no longer corroded.
The tengu reaver casts a spell at you. The bolt of lightning hits you!!
You die...

#.......#...##.##........#.......
#.......#####..Q.#####...######..
#.......#............#...#.......
#.......#............#...#.......
#.......#............#...#....###
##########..#....##########...#..
.........#............#...#......
.........#...........)#...#......
.........#......@.....#...#...#..
.........#............#...#...#..
#####....#...#....#####.#######..
.........#...#..........#........
....######...#..........#........
.............#..........#.....###
.........#...#....#.....#######..
.........#...#....#......#....#..
##.......#...#....#......#....#..


You could see a tengu reaver.

Vanquished Creatures
  Rupert (Lair:3)
  A stone giant (D:11)
  A minotaur (Gauntlet)
  A great orb of eyes (D:11)
  2 catoblepae (Lair:5)
  3 two-headed ogres
  3 boulder beetles
  18 death yaks
  A tengu warrior (D:11)
  Amaemon (Lair:3)
  Nergalle (Lair:3)
  Lodul (D:11)
  A skyshark (Lair:4)
  An orc knight (Orc:1)
  2 wizards (Gauntlet)
  Pikel (D:7)
  An ugly thing (D:11)
  4 manticores
  3 elephants (Lair:5)
  A cyclops (D:12)
  6 black mambas
  An orange demon (Lair:3)
  2 rime drakes
  7 cane toads
  Maggie (D:7)
  7 komodo dragons
  2 tengu conjurers
  A queen bee (Lair:3)
  3 hornets (Gauntlet)
  2 polar bears
  A wind drake (Lair:2)
  7 trolls
  9 blink frogs
  7 dream sheep (Lair:3)
  A slime creature (D:12)
  Sigmund (D:2)
  2 shadows
  39 yaks
  4 basilisks
  5 wyverns
  7 vampire mosquitoes
  2 steam dragons
  2 wargs
  10 water moccasins
  An orc warrior (D:6)
  An ice beast (D:6)
  A sky beast (D:6)
  A black bear (D:6)
  A swamp drake (D:10)
  4 ogres (D:11)
  8 centaurs
  7 wolves
  A phantom (D:5)
  A kobold brigand (D:11)
  10 bullfrogs
  3 gnoll sergeants
  5 scorpions
  7 wights
  26 killer bees
  2 jellies
  An orc priest (D:8)
  3 hounds
  A gnoll bouda (D:4)
  A sleepcap (D:5)
  Ijyb (D:4)
  5 iguanas
  7 orc wizards
  A battlemage (D:9)
  Robin (D:4)
  3 adders
  23 gnolls
  4 shadow imps
  2 white imps
  3 ufetubi
  3 worms
  2 dart slugs
  29 orcs
  2 bats (D:3)
  5 endoplasms
  5 giant cockroaches
  10 goblins
  5 hobgoblins
  2 jackals (D:2)
  2 quokkas
  5 ball pythons
  A frilled lizard (D:3)
  15 kobolds
  7 rats
405 creatures vanquished.

Vanquished Creatures (collateral kills)
  Gastronok (Lair:3)
  Snorg (Lair:3)
  2 hydras
  A boulder beetle (Lair:4)
  2 death yaks
  A catoblepas (Lair:5)
  Urug (D:10)
  A cyclops (D:12)
  A slime creature (D:12)
  A black mamba (Lair:4)
  2 elephants (Lair:5)
  3 cane toads
  3 komodo dragons
  A hornet (D:9)
  5 blink frogs
  2 shadows (Gauntlet)
  A vampire (D:12)
  4 wyverns
  9 yaks
  2 basilisks
  A steam dragon (Lair:3)
  A water moccasin (Lair:3)
  An acid dragon (D:11)
  2 ogres (D:11)
  A centaur (D:11)
  2 wolves (Lair:3)
  A kobold brigand (D:9)
  5 bullfrogs
  A scorpion (Lair:3)
  7 killer bees
  2 electric eels (Lair:1)
  A jelly (D:7)
  6 orc priests
  A gnoll (D:9)
  A shadow imp (Gauntlet)
  A white imp (Gauntlet)
  A worm (Lair:3)
  8 orcs
  2 kobolds
  3 butterflies (Lair:2)
92 creatures vanquished.

Vanquished Creatures (others)
  9 battlemagi
9 creatures vanquished.

Grand Total: 506 creatures vanquished

Notes
Turn   | Place    | Note
-------+----------+-------------------------------------------
     0 | D:1      | retardedninja the Minotaur Fighter began the quest for the
                  | Orb.
     0 | D:1      | Reached XP level 1. HP: 19/19 MP: 0/0
   343 | D:1      | Found a faded altar of an unknown god.
   453 | D:1      | Reached XP level 2. HP: 25/27 MP: 1/1
   810 | D:2      | Noticed Sigmund
  1340 | D:2      | Killed Sigmund
  1341 | D:2      | Reached skill level 4 in Axes
  1341 | D:2      | Reached XP level 3. HP: 28/34 MP: 2/2
  1341 | D:2      | Reached XP level 4. HP: 34/41 MP: 3/3
  1341 | D:2      | Reached XP level 5. HP: 39/47 MP: 4/4
  1730 | D:3      | Found a shadowy altar of Dithmenos.
  1790 | D:3      | Reached skill level 5 in Armour
  2023 | D:3      | Reached skill level 5 in Shields
  2594 | D:4      | Reached XP level 6. HP: 53/53 MP: 5/5
  2696 | D:4      | Found an ancient bone altar of Kikubaaqudgha.
  2719 | D:4      | Reached skill level 5 in Axes
  2889 | D:4      | Noticed Ijyb
  2890 | D:4      | Noticed Robin
  2899 | D:4      | Killed Robin
  2901 | D:4      | Killed Ijyb
  3085 | D:4      | Reached skill level 6 in Axes
  3213 | D:4      | Found a staircase to the Ecumenical Temple.
  3228 | Temple   | Entered the Ecumenical Temple
  3413 | Temple   | Became a worshipper of Hepliaklqana the Forgotten
  3582 | D:5      | Entered Level 5 of the Dungeon
  3677 | D:5      | Reached skill level 1 in Dodging
  3677 | D:5      | Reached XP level 7. HP: 60/60 MP: 6/6
  3733 | D:5      | Reached skill level 7 in Axes
  3902 | D:5      | Reached skill level 8 in Axes
  3903 | D:5      | Reached skill level 5 in Fighting
  3994 | D:5      | Noticed a steam dragon
  4003 | D:5      | Killed a steam dragon
  4107 | D:5      | Reached XP level 8. HP: 68/68 MP: 7/7
  4107 | D:5      | Found Jejyin's Magic Scroll Emporium.
  4352 | D:5      | Reached * piety under Hepliaklqana
  4423 | D:6      | Reached skill level 9 in Axes
  4605 | D:6      | Reached skill level 10 in Axes
  5155 | D:6      | Reached skill level 11 in Axes
  5319 | D:7      | Noticed Pikel
  5329 | D:7      | Killed Pikel
  5330 | D:7      | Reached XP level 9. HP: 43/67 MP: 8/8
  5345 | D:7      | Found an iron altar of Okawaru.
  5642 | D:7      | Found a sacrificial altar of Ru.
  5651 | D:7      | Reached skill level 12 in Axes
  5794 | D:7      | Found a runed translucent door.
  5795 | D:7      | Noticed Crazy Yiuf
  5927 | D:7      | Noticed Maggie
  5936 | D:7      | Killed Maggie
  5998 | D:7      | Found Yssaneh's Antique Armour Shoppe.
  6006 | D:7      | Bought a pair of boots for 162 gold pieces
  6602 | D:8      | Reached skill level 13 in Axes
  6807 | D:8      | Found a runed translucent door.
  6807 | D:8      | Found a shimmering altar of Xom.
  6807 | D:8      | Noticed tizbic2's ghost (novice OgTm)
  6807 | D:8      | Noticed a +1 scimitar of chaos
  6857 | D:8      | Reached ** piety under Hepliaklqana
  7699 | D:8      | Remembered your ancestor Izel as a battlemage
  7739 | D:8      | Reached XP level 10. HP: 31/75 MP: 9/9
  8366 | D:9      | Reached skill level 14 in Axes
  8677 | D:9      | Found a staircase to the Orcish Mines.
  9262 | D:10     | Entered Level 10 of the Dungeon
  9263 | D:10     | Noticed a two-headed ogre
  9273 | D:10     | Killed a two-headed ogre
  9276 | D:10     | Reached skill level 15 in Axes
  9462 | D:10     | Reached *** piety under Hepliaklqana
  9492 | D:10     | Found a runed translucent gate.
  9493 | D:10     | Found a runed translucent gate.
  9494 | D:10     | Found a runed translucent gate.
  9496 | D:10     | Noticed a spectral centaur warrior
  9496 | D:10     | Noticed Demosthentine's ghost (journeyman DsGl)
  9496 | D:10     | Noticed a spectral centaur warrior
  9513 | D:10     | Noticed Urug
  9521 | D:10     | Killed Urug
  9522 | D:10     | Reached XP level 11. HP: 41/82 MP: 10/10
  9655 | D:10     | Noticed a two-headed ogre
  9660 | D:10     | Killed a two-headed ogre
  9960 | D:10     | Reached skill level 16 in Axes
 10014 | D:10     | Found a staircase to the Lair.
 10294 | D:11     | Found a transporter.
 10296 | D:11     | Found a transporter.
 10302 | D:11     | Noticed a two-headed ogre
 10314 | D:11     | Killed a two-headed ogre
 10315 | D:11     | Reached skill level 1 in Stealth
 10487 | D:11     | Found Iluuq's Antique Armour Shoppe.
 10547 | D:11     | Found a transporter.
 10549 | D:11     | Found a transporter.
 10583 | D:11     | Found a transporter.
 10585 | D:11     | Found a transporter.
 10616 | D:11     | Noticed Lodul
 10625 | D:11     | Killed Lodul
 10627 | D:11     | Reached skill level 10 in Armour
 10871 | D:11     | Noticed a tengu warrior
 10879 | D:11     | Killed a tengu warrior
 10880 | D:11     | Reached skill level 17 in Axes
 11186 | D:11     | Reached **** piety under Hepliaklqana
 11432 | Lair:1   | Entered Level 1 of the Lair of Beasts
 11858 | Lair:1   | Reached XP level 12. HP: 92/92 MP: 11/11
 12061 | Lair:1   | Reached skill level 10 in Shields
 12570 | Lair:2   | Found a staircase to the Shoals.
 12571 | Lair:2   | Reached ***** piety under Hepliaklqana
 13544 | Lair:3   | Noticed Gastronok
 13555 | Lair:3   | Killed Gastronok
 13648 | Lair:3   | Reached skill level 18 in Axes
 13655 | Lair:3   | Noticed Rupert
 13660 | Lair:3   | Paralysed by Rupert for 2 turns
 14173 | Lair:3   | Killed Rupert
 14174 | Lair:3   | Reached skill level 10 in Fighting
 14174 | Lair:3   | Reached skill level 1 in Evocations
 14515 | Lair:3   | Noticed Amaemon
 14520 | Lair:2   | Reached XP level 13. HP: 48/101 MP: 12/12
 14847 | Lair:3   | Noticed Snorg
 15544 | Lair:3   | You fall into a shaft and drop 2 floors!
 15544 | Lair:5   | Entered Level 5 of the Lair of Beasts
 15548 | Lair:5   | Found a viscous altar of Jiyva.
 15616 | Lair:4   | Found a gate leading to a gauntlet.
 15657 | Gauntlet | Entered a Gauntlet
 15657 | Gauntlet | Found a transporter.
 15657 | Gauntlet | Found a transporter.
 15657 | Gauntlet | Found a transporter.
 15897 | Gauntlet | Found a transporter.
 15898 | Gauntlet | Found a transporter.
 15907 | Gauntlet | Found a transporter.
 15911 | Gauntlet | Found a transporter.
 15915 | Gauntlet | Noticed a cacodemon
 15921 | Gauntlet | Found a transporter.
 16012 | Gauntlet | Found a transporter.
 16022 | Gauntlet | Found a transporter.
 16026 | Gauntlet | Found a transporter.
 16036 | Gauntlet | Found a transporter.
 16188 | Gauntlet | Identified the +0 cloak of the Equator {Harm rN+ Str+2
                  | Int-2}
 16213 | Gauntlet | Identified the +2 glaive of Conscience {flame, Int+4 Dex+3}
 16213 | Gauntlet | Noticed a minotaur
 16221 | Gauntlet | Killed a minotaur
 16271 | Gauntlet | Identified the +3 leather armour of Benkawio {Dex+4}
 16278 | Gauntlet | Got the Dissertation on Configuration
 16457 | Lair:4   | Reached skill level 19 in Axes
 16791 | Lair:4   | Found a transporter.
 16799 | Lair:3   | Killed Snorg
 16869 | Lair:3   | Noticed Nergalle
 16878 | Lair:3   | Killed Nergalle
 16887 | Lair:3   | Killed Amaemon
 16888 | Lair:3   | Found a hole to the Spider Nest.
 17395 | Lair:4   | Noticed Wairalebb's ghost (journeyman BaFi)
 17676 | Lair:4   | Found a transporter.
 17997 | Lair:5   | Reached XP level 14. HP: 76/113 MP: 13/13
 18594 | Lair:5   | Reached ****** piety under Hepliaklqana
 18938 | Lair:5   | Reached skill level 20 in Axes
 19399 | Lair:5   | Found a staircase to the Slime Pits.
 19897 | Orc:1    | Entered Level 1 of the Orcish Mines
 20692 | D:12     | Noticed a stone giant
 20697 | D:12     | Noticed a tengu reaver
 20704 | D:12     | Paralysed by a great orb of eyes for 2 turns
 21286 | D:11     | Killed a stone giant
 21296 | D:11     | Killed from afar by a tengu reaver

Illustrated notes

Levels and vault maps discovered:
D:1:      amcnicky_arrival_gap_in_the_tavern_cellar, layout_basic,
          shapermc_ecumenical_altar_mp_highgroup, serial_rivers,
          chequers_serial_rivers_marsh, chequers_serial_rivers_micro_c,
          chequers_serial_rivers_micro_d, chequers_serial_rivers_room_b
D:2:      layout_basic, serial_co_window_serial, co_window_corner_a,
          co_window_paths_a, co_window_of_opportunity_a,
          co_window_of_opportunity_a, co_window_paths_b, co_window_corner_b,
          co_window_broadway_a, co_window_unsneaky_path_d, co_window_broadway_a,
          co_window_4corner_a, glass_columns_a, glass_columns_b,
          glass_columns_a, glass_columns_b, glass_columns_a, uniq_sigmund
D:3:      layout_rooms, mainiacjoe_overflow_catwalk, kennysheep_donut
D:4:      layout_gridville, lemuel_round_altar,
          minmay_temple_entry_purple_smoke, nicolae_goblin_pals
D:5:      layout_gridville, serial_shops, nicolae_square_shop
D:6:      layout_gridville, roderic_serpentine_path
D:7:      layout_loops_ring, mainiacjoe_overflow_large_starburst, serial_shops,
          nicolae_shop_tiny_glass, uniq_crazy_yiuf_cottage, uniq_maggie,
          uniq_pikel
D:8:      layout_basic, ebering_ghost_xom
D:9:      layout_roguey, erik_orc_4
D:10:     layout_long_grid, erik_lair_dragon, gammafunk_ghost_necromancy,
          uniq_urug
D:11:     layout_grid_maze, serial_shops, shop, serial_nicolae_subway,
          nicolae_sub_station_crystal, nicolae_sub_station_stone,
          nicolae_sub_station_metal, uniq_lodul
D:12:     layout_basic, minmay_checkered_concentric_circles
Temple:   eino_narrow_crystal_temple
Lair:1:   dreamdust_cave_troll, layout_gridlike, lemuel_another_geyser
Lair:2:   layout_regular_city, minmay_shoals_entry_beasts, lemuel_fruit_fields
Lair:3:   regret_index_bee_streams, layout_small_grid,
          nicolae_spider_entry_non_spiders, uniq_gastronok, uniq_snorg,
          uniq_amaemon, uniq_nergalle, uniq_rupert
Lair:4:   layout_regular_city, gammafunk_ghost_arena, gauntlet_entry_generic,
          serial_bayou_shore_b
Lair:5:   evilmike_catoblepas_cave, layout_regular_city,
          minmay_slime_entry_oklob_enclosed, grunt_megastairs_2
Orc:1:    layout_diamond_mine, kennysheep_orc_sif_temple

Skill      XL: |  1  2  3  4  5  6  7  8  9 10 11 12 13 14 |
---------------+-------------------------------------------+-----
Shields        | 4 5 6 7 9 11 13 14 | 14.4
Fighting       | 4 5 6 7 8 10 12 13 | 13.6
Axes           | 4 6 8 11 13 15 17 18 19 20 | 20.7
Armour         | 4 5 6 8 9 10 11 12 13 | 13.7
Dodging        | 1 2 |  2.6
Stealth        | 1 2 3 |  3.1
Evocations     | 1 |  1.5
Throwing       | |  0.7

Action                     |  1- 3 |  4- 6 |  7- 9 | 10-12 | 13-15 || total
---------------------------+-------+-------+-------+-------+-------++-------
  Melee: War axe           |    51 |    83 |   143 |   256 |   347 ||   880
         Headbutt          |     7 |     9 |    28 |    49 |    95 ||   188
  Throw: Javelin           |       |       |     2 |       |       ||     2
 Invoke: Ancestor Life: Ba |       |       |     1 |       |       ||     1
         Recall Ancestor   |       |       |       |       |     2 ||     2
  Evoke: Wand              |       |       |     1 |     9 |       ||    10
         Phial of floods   |       |       |       |       |     2 ||     2
         Box of beasts     |       |       |       |       |     1 ||     1
    Use: Potion            |     1 |       |     2 |     9 |     5 ||    17
         Scroll            |       |    17 |    12 |     7 |     8 ||    44
   Stab: Distracted        |       |       |       |     5 |     4 ||     9
         Confused          |       |       |       |     1 |       ||     1
         Invisible         |       |       |       |       |     2 ||     2
 Armour: Scale mail        |    24 |    38 |       |       |       ||    62
         Chain mail        |       |       |    15 |       |       ||    15
         Plate armour      |       |       |    60 |   155 |   131 ||   346
  Dodge: Dodged            |    21 |    38 |    38 |    55 |    61 ||   213
  Block: Buckler           |    12 |    18 |    16 |       |       ||    46
         Tower shield      |       |       |    45 |   280 |   297 ||   622
         Kite shield       |       |       |     7 |       |       ||     7
